 Dungeon Crawl Stone Soup version 0.22-a0-258-g34c0b7be20 (webtiles) character file.

5346 MirrMurr the Spear-Bearer (level 10, -3/135 HPs)
             Began as a Centaur Berserker on Mar 5, 2018.
             Was an Elder of Trog.
             Slain by a troll (12 damage)
             ... on level 9 of the Dungeon.
             The game lasted 00:21:59 (9882 turns).

MirrMurr the Spear-Bearer (Centaur Berserker)       Turns: 9882, Time: 00:22:01

Health: -3/135     AC:  8    Str: 28    XL:     10   Next: 38%
Magic:  10/10      EV:  9    Int:  6    God:    Trog [****..]
Gold:   539        SH:  0    Dex:  9    Spells: 9/9 levels left

rFire    + + .     SeeInvis .   b - +2 scythe (protect)
rCold    . . .     Gourm    .   (shield currently unavailable)
rNeg     . . .     Faith    .   t - +0 ring mail
rPois    .         Spirit   .   o - +1 hat
rElec    .         Reflect  .   s - +0 cloak
rCorr    .         Harm     .   C - +0 pair of gloves
MR       .....                  (no barding)
Stlth    ..........             (no amulet)
HPRegen  0.32/turn              e - ring of protection from fire
MPRegen  0.12/turn              p - ring of protection from fire

@: berserking, very quick
A: large, hooves 3, deformed body, speed 2, tough skin 3
a: Berserk, Trog's Hand, Brothers in Arms, Renounce Religion


You were on level 9 of the Dungeon.
You worshipped Trog.
Trog was greatly pleased with you.
You were very hungry.

You visited 2 branches of the dungeon, and saw 10 of its levels.

You collected 539 gold pieces.

Inventory:

Hand Weapons
 a - a +0 shortbow
 b - a +2 scythe of protection (weapon)
 w - a +0 trident
Missiles
 f - 268 stones (quivered)
 h - 61 poisoned needles
 u - 106 arrows
Armour
 o - a +1 hat (worn)
 s - a +0 cloak (worn)
 t - a +0 ring mail (worn)
 x - a +0 plate armour
 C - a +0 pair of gloves (worn)
Jewellery
 d - an uncursed amulet of harm {unknown}
 e - a ring of protection from fire (left hand)
 p - a ring of protection from fire (right hand)
 E - an uncursed amulet of harm {unknown}
 I - an uncursed amulet of the gourmand {unknown}
 J - an uncursed amulet of guardian spirit {unknown}
Wands
 z - a wand of enslavement (16)
 B - a wand of random effects (26)
 D - a wand of paralysis (22)
 F - a wand of acid (10)
Scrolls
 g - 3 scrolls of identify
 m - a scroll of fog
 n - 2 scrolls of enchant weapon
 q - a scroll of magic mapping
 r - a scroll of remove curse
 v - 4 scrolls of teleportation
 H - a scroll of enchant armour {unknown}
Potions
 i - 6 potions of curing
 j - a potion of flight
 k - 3 potions of lignification {unknown}
 l - 2 potions of haste
 y - 2 potions of brilliance {unknown}
 A - 2 potions of heal wounds {unknown}
 G - a potion of ambrosia {unknown}
 K - a potion of might {unknown}
 L - a potion of cancellation {unknown}
 M - a potion of agility {unknown}
 N - a potion of degeneration {unknown}
Comestibles
 c - 14 rations


   Skills:
 + Level 8.4 Fighting
 * Level 10.5 Polearms
 * Level 9.7 Bows
 - Level 1.3 Armour
 - Level 1.3 Dodging


You had 9 spell levels left.
You didn't know any spells.

Dungeon Overview and Level Annotations

Branches:
Dungeon (9/15)             Temple (1/1) D:4            Lair (0/6) D:8
    Orc: D:9-12

Altars:
Hepliaklqana
Makhleb
Nemelex Xobeh
Trog
Uskayaw
Vehumet
Wu Jian
Xom
Zin

Shops:
D:4 %=

Annotations:
D:1 dig
D:8 dig


Innate Abilities, Weirdness & Mutations

You have hooves in place of feet.
Armour fits poorly on your strangely shaped body.
You cover ground very quickly.
You have extremely tough skin. (AC +3)


Message History

The water moccasin barely misses you. The troll barely misses you.
The troll closely misses you. The troll claws you.
* * * LOW HITPOINT WARNING * * *
A red film seems to cover your vision as you go berserk!
You feel yourself moving faster!
You feel mighty!
You are feeling very hungry.
The water moccasin bites you but does no damage.
The troll bites you!
* * * LOW HITPOINT WARNING * * *
The troll claws you.
* * * LOW HITPOINT WARNING * * *
The troll closely misses you. The water moccasin closely misses you.
You barely miss the troll. You kick the troll!
The troll is severely wounded.
The water moccasin closely misses you. The troll bites you!
* * * LOW HITPOINT WARNING * * *
The troll claws you!
* * * LOW HITPOINT WARNING * * *
The troll claws you!
You die...

#. #.# #(. ## (.#
..## >.###...##
......... #TS......
#@....... ###
#.##.(... ....
#####......##
.....##........###..
.......)............
......#.....####..[.
.............###....
.....#.......#......
....................


You could see a troll and a water moccasin.

Vanquished Creatures
  The ghost of WhatIsLove the Shield-Bearer, a novice GnFi (D:6)
  A komodo dragon (D:8)
  The ghost of Execuda the Chopper, an amateur HOMo (D:3)
  Grinder (D:4)
  Sigmund (D:2)
  A vampire (D:8)
  A wyvern (D:8)
  4 hogs (D:7)
  A human (D:7)
  A steam dragon (D:8)
  A basilisk (D:8)
  A water moccasin (D:8)
  An orc warrior (D:8)
  2 ice beasts (D:7)
  4 sky beasts
  4 ogres
  2 phantoms
  2 centaurs
  2 crocodiles (D:8)
  A scorpion (D:9)
  A howler monkey (D:6)
  A bullfrog zombie (D:8)
  2 crimson imps
  A hound (D:4)
  5 orc wizards
  2 quasits
  An orc priest (D:7)
  2 centaur skeletons
  A jelly (D:8)
  Crazy Yiuf (D:2)
  Jessica (D:2)
  2 iguanas (D:6)
  A hell rat (D:7)
  2 worker ants
  2 hound skeletons
  A howler monkey zombie (D:6)
  A worker ant zombie (D:8)
  3 gnolls (D:3)
  15 adders
  8 river rats (D:7)
  2 shadow imps
  3 worms
  2 dart slugs
  7 leopard geckos
  10 orcs
  A ball python (D:1)
  3 giant cockroaches
  5 hobgoblins
  16 jackals
  8 quokkas
  10 bats
  4 frilled lizards
  8 goblins
  7 kobolds
  A quokka zombie (D:7)
  23 rats
  2 fungi (D:2)
198 creatures vanquished.

Vanquished Creatures (others)
  5 toadstools (D:1)
5 creatures vanquished.

Grand Total: 203 creatures vanquished

Notes
Turn   | Place    | Note
-------+----------+-------------------------------------------
     0 | D:1      | MirrMurr the Centaur Berserker began the quest for the Orb.
     0 | D:1      | Reached XP level 1. HP: 19/19 MP: 1/1
   127 | D:1      | Reached skill level 3 in Polearms
   130 | D:1      | Reached XP level 2. HP: 24/26 MP: 2/2
  1189 | D:1      | Reached XP level 3. HP: 26/31 MP: 3/3
  1298 | D:2      | Reached ** piety under Trog
  1309 | D:2      | Noticed Sigmund
  1427 | D:2      | Killed Sigmund
  1427 | D:2      | Reached skill level 5 in Polearms
  1427 | D:2      | Reached XP level 4. HP: 22/41 MP: 4/4
  1427 | D:2      | Reached XP level 5. HP: 26/47 MP: 5/5
  1655 | D:2      | Noticed Jessica
  1658 | D:2      | Killed Jessica
  1804 | D:2      | Reached XP level 6. HP: 53/53 MP: 6/6
  2547 | D:2      | Found a runed door.
  2551 | D:2      | Noticed Crazy Yiuf
  2565 | D:2      | Killed Crazy Yiuf
  2743 | D:3      | Reached *** piety under Trog
  3256 | D:3      | Noticed Execuda's ghost (amateur HOMo)
  3406 | D:3      | Found a radiant altar of Vehumet.
  3406 | D:3      | Found a glowing silver altar of Zin.
  3406 | D:3      | Found a hide-covered altar of Uskayaw.
  3515 | D:3      | Killed Execuda's ghost
  3515 | D:3      | Reached skill level 5 in Fighting
  3515 | D:3      | Reached skill level 6 in Polearms
  3515 | D:3      | Reached XP level 7. HP: 61/61 MP: 7/7
  3862 | D:4      | Found Ruppup's Food Emporium.
  4064 | D:4      | Found a staircase to the Ecumenical Temple.
  4084 | Temple   | Entered the Ecumenical Temple
  4091 | D:4      | Noticed Grinder
  4095 | D:4      | Paralysed by Grinder for 7 turns
  4411 | D:4      | Killed Grinder
  4411 | D:4      | Reached skill level 7 in Polearms
  4705 | D:4      | Reached XP level 8. HP: 59/70 MP: 8/8
  4739 | D:4      | Found Budazug's Jewellery Shop.
  4809 | D:5      | Entered Level 5 of the Dungeon
  4845 | D:5      | Reached skill level 8 in Polearms
  5020 | D:5      | Reached skill level 1 in Bows
  5054 | D:5      | Reached **** piety under Trog
  5651 | D:5      | Received a gift from Trog
  6149 | D:6      | Noticed WhatIsLove's ghost (novice GnFi)
  6185 | D:6      | Killed WhatIsLove's ghost
  6185 | D:6      | Reached skill level 9 in Polearms
  6185 | D:6      | Reached skill level 5 in Bows
  6185 | D:6      | Reached XP level 9. HP: 72/79 MP: 9/9
  7145 | D:7      | Found a sparkling altar of Nemelex Xobeh.
  7479 | D:7      | Found a bloodstained altar of Trog.
  8292 | D:8      | Reached skill level 10 in Polearms
  8335 | D:8      | Reached XP level 10. HP: 58/88 MP: 10/10
  8342 | D:8      | Received a gift from Trog
  8897 | D:8      | Found a staircase to the Lair.
  9652 | D:8      | Found a hazy altar of Hepliaklqana.
  9655 | D:8      | Found a shimmering altar of Xom.
  9679 | D:8      | Found a burning altar of Makhleb.
  9680 | D:8      | Noticed an Executioner
  9882 | D:9      | Slain by a troll

Vault maps used:
D:1:      ldierk_walled_garden, item_on_display_a
D:2:      wad_river_or_something, uniq_sigmund, uniq_crazy_yiuf_cottage,
          uniq_jessica
D:3:      gammafunk_temple_overflow_forgotten, first_ration
D:4:      minmay_temple_entry_large_hall, serial_shops,
          nicolae_shop_behind_doors, shop, grunt_tough_drop, uniq_grinder
D:7:      lemuel_ratsnest, lemuel_crystal_altar, lightli_temple_of_fire,
          grunt_livestock, minmay_misc_feat_tower
D:8:      regret_index_temple_of_mockery, makhleb_altar_promises_db,
          erik_lair_dragon, nicolae_straight_to_the_point
D:9:      lemuel_crystal_altar, serial_shops, shop, shop,
          nicolae_shop_statue_plus, shop, kennysheep_mini, uniq_gastronok
Temple:   dshaligram_water_room_temple

Skill      XL: |  1  2  3  4  5  6  7  8  9 10 |
---------------+-------------------------------+-----
Polearms       | 3 5 6 7 9 10 | 10.5
Fighting       | 4 5 6 7 8 |  8.4
Bows           | 5 8 9 |  9.7
Armour         | |  1.3
Dodging        | |  1.3

Action                   |  1- 3 |  4- 6 |  7- 9 | 10-12 || total
-------------------------+-------+-------+-------+-------++-------
Melee: Spear             |    92 |     5 |       |       ||    97
       Kick              |     7 |    26 |    55 |    17 ||   105
       Scythe            |       |   144 |   285 |    58 ||   487
 Fire: Shortbow          |       |       |     7 |    73 ||    80
Invok: Berserk           |     2 |     1 |     1 |     2 ||     6
       Trog's Hand       |     1 |     1 |     4 |     1 ||     7
  Use: Scroll            |     6 |     5 |     2 |       ||    13
  Eat: Chunk             |     2 |     7 |    16 |     5 ||    30
Armor: Animal skin       |    26 |     6 |       |       ||    32
       Leather armour    |       |    32 |       |       ||    32
       Ring mail         |       |    38 |   162 |    47 ||   247
Dodge: Dodged            |    35 |    72 |   124 |    28 ||   259

Table legend:
 A = Spawn XP
 B = Non-spawn XP
 C = Spawn XP percentage of total XP
 D = Spawn monster count
 E = Non-spawn monster count
 F = Spawn count percentage of total count
 G = Total turns spent on level
                    A         B        C        D         E        F      G
               +---------+---------+-------+---------+---------+-------+---------
         Total |       0 |    7638 |   0.0 |       0 |     196 |   0.0 |  9882
               +---------+---------+-------+---------+---------+-------+---------
           D:1 |       0 |      62 |   0.0 |       0 |      26 |   0.0 |  1569
           D:2 |       0 |     429 |   0.0 |       0 |      37 |   0.0 |  1088
           D:3 |       0 |     433 |   0.0 |       0 |      23 |   0.0 |  1172
           D:4 |       0 |     711 |   0.0 |       0 |      10 |   0.0 |   683
           D:5 |       0 |     752 |   0.0 |       0 |      17 |   0.0 |  1107
           D:6 |       0 |     965 |   0.0 |       0 |       7 |   0.0 |   643
           D:7 |       0 |    1800 |   0.0 |       0 |      48 |   0.0 |  1709
           D:8 |       0 |    2146 |   0.0 |       0 |      24 |   0.0 |  1417
           D:9 |       0 |     340 |   0.0 |       0 |       4 |   0.0 |   197
               +---------+---------+-------+---------+---------+-------+---------
